 Dungeon Crawl Stone Soup version 0.31-a0-496-g6f97920a28 (webtiles) character file.

Game seed: 8551567529679119448

514 randomguy2701 the Stinger (level 7, -5/42 HPs)
             Began as an Octopode Venom Mage on Aug 8, 2023.
             Was a Follower of Sif Muna.
             Slain by Duvessa
             ... wielding a +0 rapier
              (9 damage)
             ... on level 5 of the Dungeon.
             The game lasted 00:07:41 (5062 turns).

randomguy2701 the Stinger (Octopode Venom Mage)     Turns: 5062, Time: 00:07:42

Health: -5/42      AC:  1    Str:  8    XL:     7   Next: 20%
Magic:  9/22       EV: 13    Int: 19    God:    Sif Muna [*.....]
Gold:   169        SH:  0    Dex: 12    Spells: 9/14 levels left

rFire   + + .        c - staff of fire
rCold   x . .        (no shield)
rNeg    . . .        (helmet restricted)
rPois   .            (no amulet)
rElec   .            e - ring of magical power
rCorr   .            i - ring of fire
SInv    .            (no ring)
Will    .....        (no ring)
Stlth   ++++         (no ring)
HPRegen 0.27/turn    (no ring)
MPRegen 0.18/turn    (no ring)
                     (no ring)

%: no passive effects
@: no status effects
A: almost no armour, amphibious, 8 rings, camouflage 1, gelatinous body 1,
(nimble swimmer 1), tentacles
a: Renounce Religion, Channel Magic


You were on level 5 of the Dungeon.
You worshipped Sif Muna.
Sif Muna was aware of your devotion.
You visited 1 branch of the dungeon, and saw 5 of its levels.

You collected 169 gold pieces.

Inventory:

Magical Staves
 c - a staff of fire (weapon)
Jewellery
 e - a ring of magical power (left tentacle)
 i - a ring of fire (right tentacle)
Wands
 m - a wand of roots (3)
Scrolls
 b - 2 scrolls of torment {unknown}
 g - a scroll of noise {unknown}
 j - 3 scrolls of identify {unknown}
 l - a scroll of vulnerability {unknown}
 o - a scroll of teleportation {unknown}
 q - 2 scrolls of amnesia {unknown}
Potions
 a - a potion of magic
 d - 3 potions of curing
 f - a potion of attraction {unknown}
 h - a potion of cancellation {unknown}
 k - a potion of lignification {unknown}
 n - 3 potions of ambrosia {unknown}
 p - a potion of mutation {unknown}


   Skills:
 + Level 0.3 Fighting
 + Level 2.3 Dodging
 + Level 5.0 Stealth
 + Level 4.1 Spellcasting
 - Level 1.3 Transmutations
 * Level 7.0 Poison Magic


You had 9 spell levels left.
You knew the following spells:

 Your Spells              Type           Power      Damage    Failure   Level
a - Sting                 Tmut/Pois      76%        1d6       2%          1
b - Olgreb's Toxic Radia  Pois           30%        N/A       8%          4

Your spell library contained the following spells:

 Spells                   Type           Power      Damage    Failure   Level
 Poisonous Vapours        Pois/Air       34%        N/A       4%          2
 Mephitic Cloud           Conj/Pois/Air  12%        N/A       16%         3


Dungeon Overview and Level Annotations

Branches:
Dungeon (5/15)
 Temple: D:4-7

Altars:
Elyvilon
Sif Muna

Shops:
D:4 *

Annotations:
D:4 3 runed translucent doors, hashsling's ghost, amateur GrEE
D:5 Duvessa


Innate Abilities, Weirdness & Mutations

You cannot wear most types of armour.
You are amphibious.
You can wear up to eight rings at the same time.
Your skin changes colour to match your surroundings (Stealth+).
Your rubbery body absorbs attacks. (AC +1, EV +1)
((You are camouflaged when in or above water. (Stealth+)))
You have tentacles for arms and can constrict up to eight enemies at once.


Message History

Casting: Sting (safe; 2% risk of failure)
Confirm with . or Enter, or press ? or * to list all spells.
You begin to radiate toxic energy.
Duvessa is poisoned.
Dowan is poisoned.
Dowan looks even sicker.
Duvessa says, "When magic and the sword combine, nothing stands against them."
Casting: Olgreb's Toxic Radiance (quite dangerous; 9% risk of failure)
Confirm with . or Enter, or press ? or * to list all spells.
Your toxic radiance grows in intensity.
Duvessa looks even sicker.
Dowan mumbles some strange words.
Dowan blinks!
Casting: Olgreb's Toxic Radiance (quite dangerous; 9% risk of failure)
Confirm with . or Enter, or press ? or * to list all spells.
Your toxic radiance grows in intensity.
Dowan looks even sicker.
Duvessa looks even sicker.
Duvessa attacks as you move away! Duvessa hits you with a +0 rapier!
Duvessa looks as sick as possible!
Dowan looks as sick as possible!
Your toxic aura wanes.
Dowan says, "Magic and the sword, together, will defeat you."
Sif Muna accepts your kill.
Duvessa weeps, and shakes her weapon.
Duvessa goes berserk!
You feel a bit more experienced.
Your Poison Magic skill increases to level 7!
Duvessa attacks as you move away! Duvessa hits you with a +0 rapier!!
You hear the rusting of a drain nearby.
Duvessa hits you with a +0 rapier!
* * * LOW HITPOINT WARNING * * *
Casting: Olgreb's Toxic Radiance (quite dangerous; 8% risk of failure)
Confirm with . or Enter, or press ? or * to list all spells.
Aiming: Sting (safe; 2% risk of failure)
Press: ? - help, Shift-Dir - straight line, f - Duvessa
Aim: Duvessa, wielding a +0 rapier and wearing a +0 leather armour (severely wounded, berserk, very poisoned, 77% to hit)
The sting hits Duvessa.
Duvessa looks as sick as possible!
Duvessa is almost dead.
Duvessa hits you but does no damage.
You closely miss Duvessa. Your grab misses Duvessa.
Duvessa is almost dead.
Duvessa hits you with a +0 rapier.
* * * LOW HITPOINT WARNING * * *
Duvessa hits you with a +0 rapier!
You die...

#+#####....# #....#..#.
#........# #.......#. #.##...#.#
.......<#. #############^..#.#
#.#..#†... #...............#.#
##..###. ##.############.#.#
#...... ##.#.........##.#.#
##.####
#......#.......e#.#####.# #.####
####.#.#.##.###@#.......###.....
#....#.#.#.......#########......
##.###.#.#######.##### #.#####
#.....#.# #.#...# #......
#######.# #.#.#.# #..###. #.#
#.#.#.#####..#... #..
#..............#. ###
#.###.#####.####.
#................


You could see Duvessa (berserk, extremely poisoned).

Vanquished Creatures
  3 scorpions
  Dowan (D:5)
  A vampire bat (D:4)
  2 hounds
  An orc wizard (D:3)
  6 adders
  3 gnolls (D:4)
  An ufetubus (D:5)
  A worm (D:2)
  4 dart slugs
  3 orcs
  4 endoplasms
  2 giant cockroaches (D:1)
  6 goblins
  3 hobgoblins
  3 jackals (D:3)
  2 quokkas
  11 ball pythons
  9 bats
  2 frilled lizards (D:1)
  12 kobolds
  A rat (D:1)
81 creatures vanquished.

Notes
Turn   | Place    | Note
-------+----------+-------------------------------------------
     0 | D:1      | randomguy2701 the Octopode Venom Mage began the quest for
                  | the Orb.
     0 | D:1      | Reached XP level 1. HP: 11/11 MP: 3/3
   279 | D:1      | Reached XP level 2. HP: 17/17 MP: 0/5
   447 | D:1      | Reached skill level 4 in Poison Magic
  1320 | D:2      | Reached XP level 3. HP: 20/21 MP: 6/6
  1618 | D:2      | Identified the orb of Gutoeng {*channel, Fly rF+ Int+2
                  | Slay+3}
  1822 | D:2      | You fall into a shaft and drop 2 floors!
  2163 | D:3      | Found a faded altar of an unknown god.
  2568 | D:3      | Found a shimmering blue altar of Sif Muna.
  2578 | D:3      | Reached XP level 4. HP: 12/27 MP: 8/8
  2582 | D:3      | Became a worshipper of Sif Muna the Loreminder
  3420 | D:2      | Reached skill level 5 in Poison Magic
  3420 | D:2      | Reached XP level 5. HP: 30/31 MP: 9/9
  3478 | D:2      | Identified the +4 dagger of Demand {heavy, SInv}
  3666 | D:4      | Found a runed translucent gate.
  3666 | D:4      | Found a runed translucent gate.
  3674 | D:3      | Learned a level 4 spell: Olgreb's Toxic Radiance
  3757 | D:4      | Found Kaw Ydd's General Store.
  3999 | D:4      | Noticed hashsling's ghost (amateur GrEE)
  4010 | D:4      | Reached * piety under Sif Muna
  4018 | D:4      | Reached XP level 6. HP: 30/36 MP: 11/11
  4112 | D:4      | Reached skill level 6 in Poison Magic
  4440 | D:4      | Found a white marble altar of Elyvilon.
  4526 | D:4      | Found a runed translucent gate.
  4857 | D:5      | Entered Level 5 of the Dungeon
  4881 | D:5      | Reached skill level 5 in Stealth
  4881 | D:5      | Reached XP level 7. HP: 23/42 MP: 10/13
  5048 | D:5      | Noticed Duvessa
  5050 | D:5      | Noticed Dowan
  5058 | D:5      | Killed Dowan
  5059 | D:5      | Reached skill level 7 in Poison Magic
  5062 | D:5      | Slain by Duvessa

Illustrated notes

Levels and vault maps discovered:
D:1:      shiori_arrival_oz, layout_basic
D:2:      layout_basic
D:3:      wander_river, layout_basic, kennysheep_orc_sif_temple,
          hellmonk_ecumenical_altar_crossroads, kennysheep_boxes
D:4:      layout_cave_pools, kennysheep_little_box, serial_shops,
          nicolae_shop_tiny_waterfront, gammafunk_ghost_icy,
          minmay_misc_feat_alley, roderic_batcave
D:5:      layout_basic, portal_sewer_entry_f, uniq_duvessa

Skill      XL: |  1  2  3  4  5  6  7 |
---------------+----------------------+-----
Stealth        | 3 4 5 |  5.0
Poison Magic   | 4 5 6 7 |  7.0
Spellcasting   | 3 4 |  4.1
Fighting       | |  0.3
Dodging        | |  2.3
Transmutations | |  1.3

Action                     |  1- 3 |  4- 6 |  7- 9 || total
---------------------------+-------+-------+-------++-------
  Melee: Unarmed           |     1 |       |       ||     1
         Staff             |     4 |     5 |     1 ||    10
         Constrict         |       |     2 |       ||     2
   Cast: Sting             |    86 |   121 |     3 ||   210
         Olgreb's Toxic Ra |       |     6 |     3 ||     9
    Use: Potion            |       |     3 |       ||     3
 Armour: Skin              |     3 |     8 |     1 ||    12
  Dodge: Dodged            |    59 |    57 |       ||   116

Table legend: (Time is in decaauts)
 A = Elapsed time spent in this place.
 B = Non-inter-level travel time spent in this place.
 C = Inter-level travel time spent in this place.
 D = Time resting spent in this place.
 E = Time spent auto-exploring this place.
 F = Levels seen in this place.
 G = Mean time per level.
                   A        B        C        D        E       F      G
               +--------+--------+--------+--------+--------+-----+--------+
         Total |   5062 |   4790 |    272 |      0 |   4181 |   5 | 1012.4 |
       Dungeon |   5062 |   4790 |    272 |      0 |   4181 |   5 | 1012.4 |
               +--------+--------+--------+--------+--------+-----+--------+

Top non-repeatable levels by time:
     D:2: 1386 daAuts
     D:1: 1314 daAuts
     D:4: 1152 daAuts
     D:3: 1004 daAuts
     D:5: 204 daAuts
